Unix NetHack Version 3.7.0-95 Work-in-progress - last build Jan 1 2024 20:51:50 (6a0ccc5fa2390e420dd2d488a2f9488d2ae3a63b,branch:master). Game began 2024-01-12 11:09:27, ended 2024-05-03 10:40:43. BeanNighe, neutral male human Tourist ------- #-.....|### -------- #|.....| ## |......| ##|.....-# ## |......| # -------# # # .......| # # ### ----.--- # # ## # # # ## # # # ### --------- # ------------### # # # ##-....._@| # |%!!%%!%%%.|# # # ###-------- # |.....Bd| # |%%%%%.%...|# # # #|......| ### |......)| -----|--- |!.%%..%!%.-# #-----# #|.....(| # |........####|.......| |%!!!.!!%..| #....|# #.......| ##### --------- #-.......| |%!.%%%%!%.| |...|# |......| ## |.......| ------------ |..>|# |......-## --------- |...|# -------- |....# ----- BeanNighe the Sightseer St:13 Dx:7 Co:16 In:16 Wi:9 Ch:17 Neutral Dlvl:3 $:257 HP:0(27) Pw:10(10) AC:9 Xp:3/67 T:2001 Latest messages: It is not so easy to open this tin. You are beginning to feel hungry. You succeed in opening the tin. It contains spinach. Eat it? [yn] (n) This makes you feel like Popeye! What do you want to eat? [b-fvyMNP or ?*] It is not so easy to open this tin. You succeed in opening the tin. It contains spinach. Eat it? [yn] (n) This makes you feel like Popeye! You are in full health. You descend the stairs. The giant bat bites! The giant bat bites! In what direction? The dart misses the giant bat. The giant bat bites! Lucey bites the giant bat. The giant bat bites Lucey. The giant bat bites! In what direction? The dart hits the giant bat! The giant bat bites! The giant bat bites! You climb up the stairs. What do you want to wield? [- asuHKL or ?*] a - an uncursed mace named Demonbane (weapon in right hand). You are in full health. You descend the stairs. Lucey misses the giant bat. You miss the giant bat. Lucey misses the giant bat. The giant bat bites! Lucey misses the giant bat. The giant bat bites! In what direction? The dart misses the giant bat. Lucey misses the giant bat. The giant bat bites! Lucey misses the giant bat. The giant bat bites! In what direction? The dart misses the giant bat. Lucey misses the giant bat. The giant bat bites! Lucey misses the giant bat. The giant bat bites! You die... Inventory: Coins ('$') $ - 257 gold pieces Weapons (')') L - 9 blessed +0 darts u - 15 uncursed +2 darts (at the ready) K - an uncursed corroded +2 dart H - an uncursed +0 elven dagger s - an uncursed rusty +0 orcish dagger a - the uncursed +0 Demonbane (weapon in right hand) Armor ('[') q - a cursed +0 orcish helm w - an uncursed +0 cloak of magic resistance (being worn) i - an uncursed +0 Hawaiian shirt with a plumeria motif (being worn) Comestibles ('%') y - an uncursed cram ration N - an uncursed cream pie e - 5 uncursed food rations c - 2 uncursed fortune cookies M - an uncursed orange v - 2 uncursed tripe rations P - a cursed tripe ration b - 2 uncursed tins of pickled kobold meat d - 4 uncursed eggs Scrolls ('?') h - 3 uncursed scrolls of magic mapping Potions ('!') R - a blessed potion of extra healing g - 3 uncursed potions of extra healing m - a blessed potion of fruit juice o - 2 cursed potions of healing Q - an uncursed potion of oil x - a blessed potion of paralysis z - an uncursed potion of water F - a potion of unholy water Rings ('=') D - an uncursed ring of cold resistance l - an uncursed ring of poison resistance Wands ('/') G - an uncursed wand of digging (0:4) Tools ('(') k - an uncursed credit card j - an uncursed expensive camera (0:80) r - an uncursed tinning kit (0:66) Gems/Stones ('*') t - an uncursed amber stone E - an uncursed jade stone A - 2 uncursed worthless pieces of green glass n - 2 cursed worthless pieces of red glass p - a cursed worthless piece of yellowish brown glass BeanNighe the Tourist's attributes: Background: You were a Sightseer, a level 3 male human Tourist. You were neutral, on a mission for The Lady who was opposed by Blind Io (lawful) and Offler (chaotic). You were right-handed. You were in the Dungeons of Doom, on level 3. You entered the dungeon 2001 turns ago. You had 67 experience points, 13 more were needed to attain level 4. Basics: You had 0 out of 27 hit points. You had all 10 energy points (spell power). Your armor class was 9. Your wallet contained 257 zorkmids. Autopickup was on for '$?!"=/*', with exceptions. Final Characteristics: Your strength was 13 (limit:18/100). Your dexterity was 7 (limit:18). Your constitution was 16 (limit:18). Your intelligence was 16 (limit:18). Your wisdom was 9 (limit:18). Your charisma was 17 (limit:18). Final Status: You weren't hungry. You were unencumbered. You were wielding a mace. You were unskilled in mace. Final Attributes: You were devoutly aligned. You were magic-protected. You were telepathic. You were warded. You were unlucky. You are dead. Miscellaneous: You never encountered a bones level. Total elapsed playing time was 1 hour, 40 minutes and 8 seconds. Major events: Turn 1: BeanNighe the neutral male human Tourist entered the dungeon 408: found Demonbane on the floor 726: entered the Gnomish Mines 1056: attained the rank of Sightseer (level 3) 2001: killed by a giant bat Vanquished creatures: a gnome leader a floating eye an iguana a hobbit a green mold a red mold a gnome 4 jackals a fox a kobold 3 goblins 2 sewer rats 2 grid bugs a bat a newt 22 creatures vanquished. No species were genocided or became extinct. Voluntary challenges: You never hit with a wielded weapon. You read items or engraved 1 time. You never engraved Elbereth. You never genocided any monsters. You never polymorphed an object. You never changed form. You used no wishes. Achievements: You entered the Gnomish Mines. You attained the rank of Sightseer. You entered a shop. The Dungeons of Doom: levels 1 to 4 Level 1: A fountain. Level 2: A fountain, a grave. Stairs down to The Gnomish Mines. Level 3: <- You were here. An altar. Final resting place for you, killed by a giant bat. Level 4: The Gnomish Mines: Level 3: Game over: ---------- / \ / REST \ / IN \ / PEACE \ / \ | BeanNighe | | 257 Au | | killed by a | | giant bat | | | | | | 2024 | *| * * * | * _________)/\\_//(\/(/\)/\//\/|_)_______ Aloha BeanNighe the Tourist... You died in The Dungeons of Doom on dungeon level 3 with 465 points, and 257 pieces of gold, after 2001 moves. You were level 3 with a maximum of 27 hit points when you died.